 Dungeon Crawl Stone Soup version 0.25.1-9-gc5326a611f (webtiles) character file.

Game seed: 4540884864645912811

366 RETERIOR the Stinger (level 6, 0/48 HPs)
             Began as a Draconian Venom Mage on Jan 2, 2021.
             Slain by Edmund
             ... wielding a +0 vorpal flail
              (8 damage)
             ... on level 3 of the Dungeon.
             The game lasted 00:14:22 (4695 turns).

RETERIOR the Stinger (Draconian Venom Mage)         Turns: 4695, Time: 00:14:23

Health: 0/48       AC:  6    Str: 10    XL:     6   Next: 40%
Magic:  2/11       EV: 12    Int: 17    God:
Gold:   118        SH:  0    Dex: 12    Spells: 11/12 levels left

rFire    . . .     SeeInvis .   m - +2 mace (protect)
rCold    . . .     Gourm    .   (no shield)
rNeg     . . .     Faith    .   (armour unavailable)
rPois    .         Spirit   .   (helmet restricted)
rElec    .         Reflect  .   (no cloak)
rCorr    .         Harm     .   (no gloves)
MR       .....                  (no boots)
Stlth    ++........             (no amulet)
HPRegen  0.16/turn              (no ring)
MPRegen  0.12/turn              (no ring)

@: no status effects
A: unfitting armour, cold-blooded, AC +6
a: no special abilities


You were on level 3 of the Dungeon.
You were not hungry.

You visited 1 branch of the dungeon, and saw 4 of its levels.

You collected 118 gold pieces.

Inventory:

Hand Weapons
 c - a +0 club
 d - a +0 vorpal hand axe
 f - a cursed -2 whip
 m - a +2 mace of protection (weapon)
Missiles
 j - a throwing net (quivered)
 o - an atropa-tipped dart
Armour
 k - a +1 scale mail of cold resistance
Scrolls
 e - a scroll of teleportation
 h - a scroll of identify
Potions
 l - a potion of lignification
Comestibles
 b - 2 rations


   Skills:
 + Level 1.8 Fighting
 + Level 1.2 Maces & Flails
 + Level 2.5 Dodging
 + Level 2.3 Stealth
 + Level 3.8 Spellcasting
 + Level 2.7 Transmutations
 + Level 4.2 Poison Magic


You had 11 spell levels left.
You knew the following spells:

 Your Spells              Type           Power        Failure   Level  Hunger
a - Sting                 Tmut/Pois      ###.         3%          1    None

Your spell library contained the following spells:

 Spells                   Type           Power        Failure   Level  Hunger
 Poisonous Vapours        Pois/Air       ##....       11%         2    ##.....
 Ignite Poison            Fire/Tmut/Pois ##......     19%         3    ###....
 Mephitic Cloud           Conj/Pois/Air  #.......     26%         3    ###....
 Olgreb's Toxic Radiance  Pois           ###.....     28%         4    ####...


Dungeon Overview and Level Annotations

Branches:
Dungeon (4/15)
 Temple: D:4-7

Altars:

Annotations:
D:3 Edmund


Innate Abilities, Weirdness & Mutations

Your plain brown scales are hard. (AC +6)
You cannot fit into any form of body armour.
You are cold-blooded and may be slowed by cold attacks.


Message History

Press: ? - help, Shift-Dir - straight line, f/p - Edmund
Aim: Edmund, wielding a +0 vorpal flail and wearing a +0 leather armour (moderately wounded, very poisoned)
The sting hits Edmund.
Edmund looks as sick as possible!
Edmund is moderately wounded.
Edmund hits you with a +0 vorpal flail!
Casting: Sting (safe; 3% risk of failure)
Confirm with . or Enter, or press ? or * to list all spells.
Aiming: Sting (safe; 3% risk of failure)
Press: ? - help, Shift-Dir - straight line, f/p - Edmund
Aim: Edmund, wielding a +0 vorpal flail and wearing a +0 leather armour (heavily wounded, extremely poisoned)
The sting hits Edmund.
Edmund looks as sick as possible!
Edmund is heavily wounded.
Edmund hits you with a +0 vorpal flail!
* * * LOW HITPOINT WARNING * * *
x2 Edmund hits you with a +0 vorpal flail.
* * * LOW HITPOINT WARNING * * *
x2 You climb upwards.
There is a stone staircase leading down here.
You feel better. Edmund hits you with a +0 vorpal flail!
You die...

####.#.####.#####.####..######.##
......................).# #.##
##.#.#######.####.####..# #.##
...#.# #.# #.####..# #.# )#.#.###
#.# #.##....# #.# ..)).).#####.#
#.##<##.# #.# ..#..#....##.#
#[##.##.# #.#
..#..#[....#.####.##.##.## #.#
.##.###....#.##.@........#####.#
.#..#.#....#.....@.............##
##.##.##...#.......#.###.#.#####.
#..#...#.....).......# #.#.# #.
#.##...##.#.#.....(### #.#.# ###.
..#.....#.#.#.....## #.#.# #...
..#.....#.#.###.#..# #.#.# #.##
..........#.# #.##.# #.#.# #.#
######)####.# #.##.# #.#.# #.#


You could see Edmund (extremely poisoned).

Vanquished Creatures
  An iguana (D:4)
  2 orc priests
  2 orc wizards
  Terence (D:2)
  2 worker ants (D:4)
  7 adders
  A worm (D:3)
  2 dart slugs
  2 leopard geckos (D:4)
  6 orcs (D:3)
  6 bats
  5 giant cockroaches
  7 goblins
  5 hobgoblins (D:1)
  7 jackals
  2 quokkas
  6 frilled lizards
  6 kobolds
  10 rats
80 creatures vanquished.

Notes
Turn   | Place    | Note
-------+----------+-------------------------------------------
     0 | D:1      | RETERIOR the Draconian Venom Mage began the quest for the
                  | Orb.
     0 | D:1      | Reached XP level 1. HP: 14/14 MP: 3/3
   350 | D:1      | Reached XP level 2. HP: 20/20 MP: 1/5
   801 | D:1      | Reached XP level 3. HP: 25/26 MP: 1/6
  2044 | D:3      | Noticed Terence
  2070 | D:2      | HP: 1/26 [adder (3)]
  2072 | D:2      | Reached XP level 4. HP: 9/33 MP: 2/8
  2551 | D:2      | Killed Terence
  2551 | D:2      | Reached skill level 1 in Fighting
  2892 | D:3      | Reached XP level 5. HP: 33/40 MP: 7/9
  3161 | D:3      | Reached skill level 4 in Poison Magic
  4141 | D:4      | Reached XP level 6. HP: 37/48 MP: 1/11
  4224 | D:4      | Reached skill level 1 in Maces & Flails
  4252 | D:4      | Found a glowing drain.
  4518 | D:4      | Noticed Edmund
  4693 | D:4      | HP: 2/48 [Edmund/+0 vorpal flail (3)]
  4695 | D:3      | Slain by Edmund

Illustrated notes

Levels and vault maps discovered:
D:1:      saegor_arrival_simple_c, layout_rooms
D:2:      layout_loops_ring
D:3:      layout_loops_ring, first_ration, hangedman_abyss_or_decor_lesser_grid,
          minmay_unequal, uniq_terence
D:4:      layout_cave_pools, portal_sewer_entry_a, uniq_menkaure, uniq_edmund

Skill      XL: |  1  2  3  4  5  6 |
---------------+-------------------+-----
Dodging        | 2 |  2.5
Spellcasting   | 3 |  3.8
Fighting       | 1 |  1.8
Stealth        | 2 |  2.3
Transmutations | 2 |  2.7
Poison Magic   | 4 |  4.2
Maces & Flails | 1 |  1.2

Action                   |  1- 3 |  4- 6 || total
-------------------------+-------+-------++-------
Melee: Unarmed           |    10 |       ||    10
       Club              |    60 |     8 ||    68
       Tailslap          |     7 |     5 ||    12
       Hand axe          |       |    23 ||    23
       Mace              |       |    23 ||    23
 Cast: Sting             |    69 |    93 ||   162
  Use: Scroll            |     5 |     4 ||     9
       Potion            |     2 |     6 ||     8
  Eat: Ration            |     1 |     2 ||     3
       Chunk             |     1 |     2 ||     3
Armor: Skin              |    43 |    38 ||    81
Dodge: Dodged            |    86 |    80 ||   166
